 Dungeon Crawl Stone Soup version 0.17-a0-2122-g03d97ec (webtiles) character file.

15087 4thArraOfDagon the Covert (level 12, 4/165 HPs)
             Began as a Naga Monk on Oct 21, 2015.
             Was a Priest of Cheibriados (penitent).
             Quit the game on level 4 of the Orcish Mines.
             The game lasted 00:38:31 (5523 turns).

4thArraOfDagon the Covert (Naga Monk)               Turns: 5523, Time: 00:38:32

Health: 4/165      AC:  8    Str: 18    XL:     12   Next: 23%
Magic:  19/19      EV: 12    Int: 15    God:    Cheibriados [*]
Gold:   936        SH:  0    Dex: 15    Spells: 0 memorised, 11 levels left

rFire  . . .     SeeInvis +       - Unarmed
rCold  + . .     Clarity  .     w - +0 ring mail "Nykizagh" {Slay+3} (curse)
rNeg   . . .     SustAt   .     (no shield)
rPois  +         Gourm    .     h - +0 helmet
rElec  .         Spirit   .     k - +0 cloak
rCorr  .         Warding  .     (no gloves)
rMut   .         Stasis   .     (no barding)
MR     ++...                    (no amulet)
Stlth  ..........               G - ring of protection from magic (curse)
                                l - ring of protection from cold

@: berserking, very slow, very resistant to hostile enchantments, extremely
unstealthy
A: see invisible, deformed body, poison resistance, slowness 2, slow metabolism
1, spit poison 2, AC +4
a: Spit Poison, Renounce Religion


You were on level 4 of the Orcish Mines.
You worshipped Cheibriados.
Cheibriados was demanding penance.
You were not hungry.

You visited 3 branches of the dungeon, and saw 18 of its levels.
You also visited: Volcano.

You collected 1059 gold pieces.
You spent 123 gold pieces at shops.

Inventory:

Hand Weapons
 E - a cursed +0 blowgun
 H - a +1 scimitar of flaming {hydraslayer}
 I - a +0 dagger of distortion
Missiles
 D - 2 throwing nets (quivered)
 J - 5 curare-tipped needles
Armour
 h - a +0 helmet (worn)
 k - a +0 cloak (worn)
 n - a +1 robe of positive energy
 w - the cursed +0 ring mail "Nykizagh" (worn) {Slay+3}
   (You found it on level 8 of the Dungeon)

   It affects your accuracy and damage with ranged weapons and melee attacks
   (+3).
   It has a curse placed upon it.
 z - a +2 ring mail of fire resistance
Jewellery
 l - a ring of protection from cold (left hand)
 G - a cursed ring of protection from magic (right hand)
Wands
 i - a wand of paralysis (0)
 m - a wand of confusion (7)
 o - a wand of slowing (20)
 A - a wand of random effects (13)
Scrolls
 p - a scroll of magic mapping
 u - a scroll of noise
 v - 2 scrolls of fog
 y - 4 scrolls of remove curse
Potions
 a - a potion of mutation {unknown}
 c - 3 potions of brilliance {unknown}
 e - a potion of lignification {unknown}
 g - 2 potions of cure mutation
 j - 2 potions of haste {unknown}
 r - a potion of magic
 t - a potion of might
 x - a potion of flight {unknown}
 C - a potion of berserk rage
Books
 F - a book of Burglary

   Spells                             Type                      Level
   a - Swiftness                      Charms/Air                   2
   b - Passwall                       Transmutation/Earth          3
   c - Passage of Golubria            Translocation                4
   d - Lee's Rapid Deconstruction     Earth                        5
   e - Darkness                       Hexes                        6
   f - Invisibility                   Hexes                        6
Miscellaneous
 s - a disc of storms
Comestibles
 b - 2 bread rations
 d - 5 meat rations
 f - 4 chunks of flesh


   Skills:
 + Level 8.0 Fighting
 + Level 6.7 Dodging
 + Level 12.2 Stealth
 * Level 11.2 Unarmed Combat
 * Level 10.3 Invocations
 - Level 3.2 Evocations


You had 11 spell levels left.
You didn't know any spells.

Dungeon Overview and Level Annotations

Branches:
Dungeon (13/15) Temple (1/1) D:7 Orc (4/4) D:11 Elf (0/3) Orc:4 Vaults (0/5) D:12 D:13 Lair: D:8-11

Altars:
Cheibriados
Dithmenos
Elyvilon
Kikubaaqudgha
Okawaru
Ru
Trog
Xom
Yredelemnul
Zin
The Shining One
Beogh

Shops:
D:5 *   D:6 ?

Annotations:
D:10 Josephine
D:12 exclusion: downstairs
Orc:3 Snorg


Innate Abilities, Weirdness & Mutations

You cannot wear boots.
Your serpentine skin is tough (AC +4).
You have supernaturally acute eyesight.
Armour fits poorly on your strangely shaped body.
Your system is resistant to poisons.
You cover ground very slowly.
You have a slow metabolism.
You can spit poison.


Message History

The orc warrior hits you with a war axe!
* * * LOW HITPOINT WARNING * * *
Unknown command.
You pummel the orc warrior!!
The orc warrior is almost dead.
You have got your breath back.
The orc warrior closely misses you.
The orc warrior hits you from afar with a glaive!
* * * LOW HITPOINT WARNING * * *
The orc warrior misses you.
Unknown command.
You barely miss the orc warrior. You punch the orc warrior.
You kill the orc warrior!
Cheibriados thoroughly appreciates the change of pace.
Unknown command.
Unknown command.
Unknown command.
Unknown command.
You are too berserk!
Are you sure you want to abandon this character and quit the game? (Confirm with "yes".)

#.........#
...##.....###
...####.....##
....#........#
....#...#.#.##
........##...###
#.......##...#§##
#...#..##.....(§##
...##...#.....(§@##
....#........)##oo##
...###....#...###§o#
....##....##.##
##§§# ....#....#####
##..# #...)....#
#oo# #.......## #...
.......#### #...
.)..#.....## #...


You could see 3 orc warriors.

Vanquished Creatures
  Azrael (Orc:4)
  Erica (Orc:1)
  A sun demon (Orc:4)
  Sonja (Orc:3)
  An unseen horror (D:12)
  A hill giant (D:12)
  2 orc knights (Orc:4)
  A manticore (D:12)
  A toenail golem (Volcano)
  A cyclops (D:12)
  Maurice (D:10)
  A troll (Orc:4)
  3 yaks (D:12)
  2 wyverns
  A human (D:12)
  A hungry ghost (D:11)
  A deep elf mage (D:11)
  5 fire elementals
  A hippogriff (D:8)
  A water moccasin (D:10)
  12 orc warriors
  5 hell hounds (Orc:4)
  4 sky beasts
  A black bear (D:7)
  4 centaurs
  2 ice beasts (D:10)
  7 ogres
  4 giant frogs
  Blork the orc (D:4)
  A gnoll sergeant (D:9)
  5 scorpions
  A wight (D:10)
  11 killer bees
  7 crimson imps
  A giant frog zombie (D:9)
  2 jellies
  2 quasits
  3 gnoll shamans
  3 hounds
  22 orc priests
  A centaur zombie (D:10)
  17 orc wizards
  3 giant frog skeletons
  4 worker ants
  2 sheep (D:12)
  3 hound zombies
  2 hound skeletons (D:5)
  22 gnolls
  A worker ant zombie (D:4)
  6 adders
  7 river rats (D:10)
  An adder zombie (D:6)
  4 giant geckos
  122 orcs
  2 ball pythons
  6 bats
  3 giant cockroaches
  2 hobgoblins
  A jackal (D:6)
  2 quokkas
  2 giant newts
  2 kobolds
  A quokka zombie (D:5)
  6 rats (D:10)
348 creatures vanquished.

Vanquished Creatures (others)
  Maud (D:11)
  A hill giant (D:11)
  A gargoyle (Volcano)
  A troll (D:11)
  A deep elf mage (D:11)
  An ogre (D:11)
  A giant frog (D:11)
  A killer bee (D:11)
  2 orcs (D:11)
  A fungus (D:10)
11 creatures vanquished.

Grand Total: 359 creatures vanquished

Notes
Turn   | Place    | Note
--------------------------------------------------------------
     0 | D:1      | 4thArraOfDagon the Naga Monk began the quest for the Orb.
     0 | D:1      | Reached XP level 1. HP: 21/21 MP: 1/1
   249 | D:3      | Reached XP level 2. HP: 28/28 MP: 2/2
   374 | D:4      | Noticed Blork the orc
   383 | D:4      | Killed Blork the orc
   383 | D:4      | Reached XP level 3. HP: 31/34 MP: 3/3
   383 | D:4      | Reached XP level 4. HP: 38/42 MP: 4/4
   521 | D:5      | Entered Level 5 of the Dungeon
   601 | D:6      | Reached skill level 5 in Unarmed Combat
   601 | D:6      | Reached XP level 5. HP: 48/50 MP: 5/5
   768 | D:6      | Reached skill level 1 in Evocations
   783 | D:6      | Reached XP level 6. HP: 28/57 MP: 6/6
   814 | D:6      | Noticed a hungry ghost
   817 | D:6      | Found an ancient bone altar of Kikubaaqudgha.
   817 | D:6      | Found a shadowy altar of Dithmenos.
   831 | D:7      | Found a staircase to the Ecumenical Temple.
   831 | D:7      | Noticed a sky beast
   836 | Temple   | Entered the Ecumenical Temple
   841 | Temple   | Killed a sky beast
   841 | Temple   | Reached skill level 5 in Stealth
   850 | Temple   | Became a worshipper of Cheibriados the Contemplative
   850 | Temple   | Reached * piety under Cheibriados
   850 | Temple   | Reached ** piety under Cheibriados
   868 | D:7      | Noticed a sky beast
   885 | D:7      | Killed a sky beast
   900 | D:6      | Found Gimoer's Magic Scroll Shop.
   903 | D:6      | Bought a scroll of magic mapping for 45 gold pieces
   903 | D:6      | Bought 2 scrolls of teleportation for 78 gold pieces
   909 | D:6      | Reached skill level 1 in Invocations
   909 | D:6      | Reached XP level 7. HP: 47/64 MP: 8/8
   977 | D:5      | Found an iron altar of Okawaru.
  1212 | D:4      | Noticed an ogre
  1220 | D:4      | Killed an ogre
  1251 | D:4      | Found Moish's Armour Shop.
  1259 | D:4      | :)
  1281 | D:5      | Noticed a centaur
  1296 | D:5      | Killed a centaur
  1296 | D:5      | Reached skill level 6 in Unarmed Combat
  1356 | D:5      | Found Kull's Serpentskin Sales.
  1384 | D:5      | :)
  1402 | D:5      | Noticed an ogre
  1413 | D:5      | Killed an ogre
  1413 | D:5      | Reached XP level 8. HP: 51/73 MP: 10/10
  1497 | D:5      | Noticed a centaur
  1505 | D:5      | Killed a centaur
  1543 | D:5      | Reached *** piety under Cheibriados
  1717 | D:7      | Noticed a black bear
  1726 | D:7      | Killed a black bear
  1728 | D:7      | Found a basalt altar of Yredelemnul.
  1794 | D:7      | Reached skill level 5 in Fighting
  1794 | D:7      | Reached skill level 7 in Stealth
  1868 | D:7      | Found a shimmering altar of Xom.
  1907 | D:8      | Reached XP level 9. HP: 62/81 MP: 12/12
  1980 | D:8      | Reached skill level 5 in Invocations
  2023 | D:8      | Reached **** piety under Cheibriados
  2035 | D:8      | Got a heavily runed ring mail
  2046 | D:8      | Identified the cursed +0 ring mail "Nykizagh" {Slay+3} (You found it on level 8 of the Dungeon)
  2046 | D:8      | :)
  2187 | D:8      | tjx
  2271 | D:9      | Reached skill level 8 in Stealth
  2451 | D:10     | Entered Level 10 of the Dungeon
  2473 | D:10     | Reached skill level 5 in Dodging
  2497 | D:10     | Noticed a kobold demonologist
  2542 | D:10     | Reached skill level 9 in Stealth
  2552 | D:10     | Reached XP level 10. HP: 81/91 MP: 14/14
  2616 | D:11     | Killed a hill giant
  2654 | D:11     | Noticed a manticore
  2770 | D:11     | Noticed Maud
  2771 | D:12     | Noticed a seven-headed hydra
  2816 | D:10     | Noticed Josephine
  2817 | D:10     | Noticed a centaur zombie
  2829 | D:11     | Found a staircase to the Orcish Mines.
  2837 | D:10     | Noticed Maurice
  2847 | D:10     | Killed Maurice
  2909 | D:8      | Noticed a queen bee
  2921 | D:9      | HP: 4/91 [poisoned by a killer bee]
  2926 | D:9      | HP: 4/91 [poisoned by a killer bee]
  3150 | D:11     | Killed Maud
  3258 | D:12     | Noticed a hill giant
  3270 | D:12     | Killed a hill giant
  3305 | D:13     | Noticed a cyclops
  3320 | D:13     | Found a gate to the Vaults.
  3320 | D:13     | Noticed a hill giant
  3320 | D:13     | Noticed an orc knight
  3320 | D:13     | Noticed a skeletal warrior
  3320 | D:13     | Noticed an eight-headed hydra
  3320 | D:13     | Noticed an unseen horror
  3320 | D:13     | Noticed a hill giant
  3334 | D:12     | Reached skill level 10 in Stealth
  3346 | D:12     | Killed an unseen horror
  3536 | D:12     | Noticed a cyclops
  3549 | D:12     | Killed a cyclops
  3552 | D:12     | Reached ***** piety under Cheibriados
  3559 | D:12     | Noticed a manticore
  3670 | D:12     | Reached XP level 11. HP: 76/99 MP: 17/17
  3764 | D:12     | Killed a manticore
  3764 | D:12     | Reached skill level 10 in Unarmed Combat
  3959 | Orc:1    | Entered Level 1 of the Orcish Mines
  3964 | Orc:1    | Noticed Erica
  4000 | D:11     | Found a shimmering altar of Xom.
  4029 | Orc:1    | Killed Erica
  4094 | Orc:1    | Found a dark tunnel.
  4107 | Volcano  | Entered a volcano
  4420 | Orc:3    | Found a roughly hewn altar of Beogh.
  4425 | Orc:4    | Entered Level 4 of the Orcish Mines
  4431 | Orc:4    | Reached skill level 11 in Stealth
  4468 | Orc:3    | Noticed Snorg
  4513 | Orc:3    | Noticed Sonja
  4514 | Orc:3    | Killed Sonja
  4591 | Orc:4    | Noticed an orc knight
  4618 | Orc:4    | Found a staircase to the Elven Halls.
  5048 | Orc:4    | Noticed Azrael
  5053 | Orc:4    | HP: 2/100 [Azrael/sticky flame (4)]
  5055 | Orc:4    | Was placed under penance by Cheibriados
  5056 | Orc:4    | Killed Azrael
  5063 | Orc:4    | Was forgiven by Cheibriados
  5080 | Orc:4    | Reached skill level 10 in Invocations
  5170 | Orc:4    | Reached XP level 12. HP: 57/110 MP: 19/19
  5174 | Orc:4    | Killed an orc knight
  5305 | Orc:4    | Noticed a sun demon
  5309 | Orc:4    | Noticed an orc knight
  5311 | Orc:4    | Was placed under penance by Cheibriados
  5319 | Orc:4    | Killed a sun demon
  5319 | Orc:4    | Reached skill level 12 in Stealth
  5323 | Orc:4    | Killed an orc knight
  5335 | Orc:4    | Was forgiven by Cheibriados
  5519 | Orc:4    | Was placed under penance by Cheibriados
  5521 | Orc:4    | HP: 4/165 [orc warrior/glaive (16)]
  5523 | Orc:4    | Quit the game

Vault maps used:
D:1:      denvon_arrival_planthouse, minmay_misc_feat_roman, minivault_5
D:2:      ecumenical_altar_1
D:3:      first_bread, gup_sewer_entry_bubbles, minmay_crystal_water,
          hangedman_decor_push
D:4:      serial_shops, shop, uniq_blork_the_orc
D:5:      lemuel_doored_altar, basic_altar, guppyfry_shop_venom
D:6:      gammafunk_temple_overflow_statue, serial_shops,
          nicolae_shop_behind_doors
D:7:      xom_butterflies, minmay_temple_entry_water_ring,
          yredelemnul_altar_generic
D:8:      serial_shops, shop, david_nohive_1, tso_altar
D:9:      kennysheep_mini_moat, serial_shops, shop, kennysheep_small_circle
D:10:     minmay_twisted_water, grunt_lair_entry_elf_guard_hut, uniq_maurice,
          uniq_josephine
D:11:     orc_0_dummy, xom_confusion_cloud, uniq_maud
D:13:     david_vaults_3
Temple:   water_room_temple_a_12
Orc:1:    lightli_volcano_entry_magma_tube, uniq_erica
Orc:2:    serial_shops, shop, trog_hazing_becter
Orc:3:    serial_shops, nicolae_shop_window_shopping, basic_altar,
          nicolae_orc_pool_cavern, mines2_lemuel, uniq_snorg, uniq_sonja
Orc:4:    pf_orc_diabolical, uniq_azrael
Volcano:  volcano_pools

Action                   |  1- 3 |  4- 6 |  7- 9 | 10-12 || total
-------------------------+-------+-------+-------+-------++-------
Melee: Unarmed           |     7 |    56 |   321 |   483 ||   867
 Fire: Blowgun           |       |       |       |     6 ||     6
Throw: Throwing net      |       |       |       |     2 ||     2
Invok: Slouch            |       |       |     4 |    12 ||    16
 Abil: Spit Poison       |     8 |    20 |    52 |    39 ||   119
Evoke: Wand              |       |     7 |    16 |    19 ||    42
       Disc of storms    |       |       |       |     1 ||     1
  Use: Scroll            |     3 |     3 |     4 |    13 ||    23
       Potion            |     1 |       |       |     5 ||     6
 Stab: Paralysed         |       |    13 |    17 |    14 ||    44
       Sleeping          |       |       |     2 |     7 ||     9
       Confused          |       |       |     1 |     1 ||     2
       Distracted        |       |       |     1 |     1 ||     2
  Eat: Chunk             |       |     2 |     4 |    12 ||    18
       Pizza             |       |       |     1 |       ||     1
       Beef jerky        |       |       |     1 |       ||     1
       Bread ration      |       |       |       |     1 ||     1
